 Dungeon Crawl Stone Soup version 0.31-a0-210-gccc998df9b (webtiles) character file.

Game seed: 10227268864380402173

70 qw the Shooter (level 4, -1/36 HPs)
             Began as a Minotaur Hexslinger on June 29, 2023.
             Slain by an orc wizard
             ... wielding a +0 dagger
              (2 damage)
             ... on level 3 of the Dungeon.
             The game lasted 00:00:40 (1643 turns).

qw the Shooter (Minotaur Hexslinger)                Turns: 1643, Time: 00:00:40

Health: -1/36      AC:  5    Str: 13      XL:     4   Next: 3%
Magic:  4/4        EV: 10    Int:  9 (10) God:
Gold:   37         SH:  0    Dex: 12 (14) Spells: 4/5 levels left

rFire   . . .        Y - +1 sling
rCold   . . .        (no shield)
rNeg    . . .        j - +0 ring mail
rPois   +            (helmet restricted)
rElec   .            (no cloak)
rCorr   .            (no gloves)
SInv    .            (no boots)
Will    .....        (no amulet)
Stlth   +            a - ring of poison resistance
HPRegen 0.26/turn    (no ring)
MPRegen 0.09/turn

%: no passive effects
@: no status effects
A: horns 2, retaliatory headbutt
a: no special abilities


You were on level 3 of the Dungeon.
You visited 1 branch of the dungeon, and saw 3 of its levels.

You collected 37 gold pieces.


Innate Abilities, Weirdness & Mutations

You have a pair of horns on your head.
You reflexively headbutt those who attack you in melee.


   Skills:
 - Level 2.0 Fighting
 + Level 4.3 Ranged Weapons
 - Level 1.0 Armour
 - Level 2.1 Dodging
 - Level 1.0 Spellcasting
 - Level 2.0 Hexes


You had 4 spell levels left.
You knew the following spells:

 Your Spells              Type           Power      Damage    Failure   Level
a - Slow                  Hex            16%        N/A       34%         1

Your spell library contained the following spells:

 Spells                   Type           Power      Damage    Failure   Level
 Inner Flame              Hex/Fire       2%         N/A       83%         3
 Portal Projectile        Hex/Tloc       4%         N/A       83%         3
 Cause Fear               Hex            2%         N/A       98%         4

Inventory:

Hand Weapons
 Y - a +1 sling (weapon)
Armour
 j - a +0 ring mail (worn)
Jewellery
 a - a ring of poison resistance (left hand)
Scrolls
 h - 2 scrolls of identify
Potions
 c - a potion of resistance

Dungeon Overview and Level Annotations

Branches:
Dungeon (3/15)

Altars:

Shops:
D:1 =


Message History

Something completely misses you.
You shoot a sling bullet. Something hits you.
You shoot a sling bullet. Something hits you but does no damage.
You shoot a sling bullet.
You hear some strange, mumbled words.
You are confused.
Something hits you but does no damage.
You shoot a sling bullet. Something hits you.
You shoot a sling bullet. Something hits you but does no damage.
You shoot a sling bullet.
Something hits you but does no damage. x2
You shoot a sling bullet. Something hits you but does no damage.
You shoot a sling bullet.
You feel less confused. Something hits you but does no damage.
You shoot a sling bullet.
You hear some strange, mumbled words.
A magic dart appears from out of thin air!
The magic dart hits you! Something hits you but does no damage.
You shoot a sling bullet. Something hits you but does no damage.
You shoot a sling bullet. Something completely misses you.
You shoot a sling bullet. Something hits you but does no damage.
You hear some strange, mumbled words.
A magic dart appears from out of thin air!
The magic dart hits you.
You shoot a sling bullet. Something hits you but does no damage.
You shoot a sling bullet. Something hits you.
You shoot a sling bullet. Something hits you but does no damage.
Something hits you.
You die...

#...#....# #.
###.....##...
#....%.....
#########.........
##.....>#)....#...
##.........#...#
..
#..........#...#
#...<......#####
#.....)@)..#
#......{....#
#......)..?...#
##..........#.#
#..$.....#.#...
#........(......
#..........#...
#..........# ..


There were no monsters in sight!

Vanquished Creatures
  A gnoll (D:1)
  An adder (D:2)
  A dart slug (D:2)
  3 orcs (D:3)
  4 endoplasms (D:1)
  3 giant cockroaches
  5 goblins
  5 hobgoblins
  2 kobolds (D:2)
  A quokka (D:3)
  5 ball pythons
  2 bats (D:1)
  4 frilled lizards
  5 rats
42 creatures vanquished.

Notes
Turn   | Place    | Note
-------+----------+-------------------------------------------
     0 | D:1      | qw the Minotaur Hexslinger began the quest for the Orb.
     0 | D:1      | Reached XP level 1. HP: 16/16 MP: 1/1
     0 | D:1      | 0 ||| qw: Version: 0.3-a-24-ga2abf7b
     0 | D:1      | 0 ||| qw: Game counter: 6875
     0 | D:1      | 0 ||| qw: Melee chars always use a shield: true
     0 | D:1      | 0 ||| qw: God list: Okawaru
     0 | D:1      | 0 ||| qw: Allow faded altars: false
     0 | D:1      | 0 ||| qw: Do Orc after clearing Dungeon:15 true
     0 | D:1      | 0 ||| qw: Do second Lair branch before Depths: true
     0 | D:1      | 0 ||| qw: Lair rune preference: random
     0 | D:1      | 0 ||| qw: Goals: Normal
     0 | D:1      | 0 ||| PLANNING D:1-11
   179 | D:1      | Reached skill level 3 in Ranged Weapons
   218 | D:1      | Reached XP level 2. HP: 22/23 MP: 2/2
   447 | D:1      | Found Ygoyc's Jewellery Emporium.
   455 | D:1      | 455 ||| SHOPLISTING amulet of faith (560 gold, have 27).
   455 | D:1      | 455 ||| SHOPLISTING amulet of regeneration (420 gold, have
                  | 27).
   455 | D:1      | 455 ||| SHOPLISTING ring "Xickaes" {rF+ rC+ Will+} (624
                  | gold, have 27).
   455 | D:1      | 455 ||| SHOPLISTING ring of positive energy (280 gold, have
                  | 27).
   455 | D:1      | 455 ||| SHOPLISTING ring of resist corrosion (280 gold,
                  | have 27).
   455 | D:1      | 455 ||| SHOPLISTING ring of willpower (350 gold, have 27).
   466 | D:1      | Reached XP level 3. HP: 29/29 MP: 3/3
   853 | D:1      | 853 ||| UPGRADING to +0 ring mail.
   863 | D:1      | 863 ||| DROPPING +0 robe.
   864 | D:1      | 864 ||| READING scroll labelled WUJIOGYCVI.
   865 | D:1      | 865 ||| READING scroll labelled VIGIACL NEMMI.
   866 | D:1      | 866 ||| READING 2 scrolls labelled CARU GEONUW.
   867 | D:1      | 867 ||| READING scroll labelled KAMELOYPOKU.
   868 | D:1      | 868 ||| DROPPING scroll of poison.
  1037 | D:2      | 1037 ||| FLEEEEING.
  1038 | D:2      | 1038 ||| FLEEEEING.
  1039 | D:2      | 1039 ||| FLEEEEING.
  1040 | D:2      | 1040 ||| FLEEEEING.
  1041 | D:2      | 1041 ||| FLEEEEING.
  1042 | D:2      | 1042 ||| FLEEEEING.
  1043 | D:2      | 1043 ||| STAIRDANCE
  1064 | D:1      | 1064 ||| READING scroll labelled JOD PEUQOELLA.
  1067 | D:1      | 1067 ||| DRINKING 2 fuming clear potions.
  1068 | D:1      | 1068 ||| READING 3 scrolls of identify.
  1068 | D:1      | 1068 ||| IDENTIFYING fuming amethyst potion
  1069 | D:1      | 1069 ||| READING 2 scrolls of identify.
  1069 | D:1      | 1069 ||| IDENTIFYING black potion
  1070 | D:1      | 1070 ||| DROPPING potion of degeneration.
  1071 | D:1      | 1071 ||| DROPPING potion of brilliance.
  1072 | D:1      | 1072 ||| DROPPING potion of ambrosia.
  1100 | D:2      | 1100 ||| STAIRDANCE
  1180 | D:2      | Reached skill level 4 in Ranged Weapons
  1443 | D:2      | Reached skill level 1 in Armour
  1567 | D:2      | 1567 ||| UPGRADING to ring of poison resistance.
  1568 | D:2      | 1568 ||| READING scroll labelled KUESAYH BOPTEM.
  1569 | D:2      | 1569 ||| READING 2 scrolls labelled NUEQ VISUTY.
  1570 | D:2      | 1570 ||| READING 3 scrolls of identify.
  1570 | D:2      | 1570 ||| IDENTIFYING fuming grey potion
  1571 | D:2      | 1571 ||| DROPPING scroll of fear.
  1628 | D:3      | Reached XP level 4. HP: 12/36 MP: 4/4
  1637 | D:3      | HP: 4/36 [something/magic dart (7)]
  1640 | D:3      | HP: 1/36 [something/magic dart (4)]
  1643 | D:3      | Slain by an orc wizard

Levels and vault maps discovered:
D:1:      sevenhm_arrival_forest_fort_large_4, layout_loops_cross, serial_shops,
          shop_statue, minmay_crystal_room, minmay_misc_feat_rows
D:2:      layout_basic
D:3:      layout_rooms, gammafunk_ghost_gnarly_gnolls, uniq_sigmund, uniq_robin

Skill      XL: |  1  2  3 |
---------------+----------+-----
Ranged Weapons | 3 4 |  4.3
Fighting       | 2 |  2.0
Armour         | 1 |  1.0
Dodging        | |  2.1
Spellcasting   | |  1.0
Hexes          | |  2.0

Action                     |  1- 3 |  4- 6 || total
---------------------------+-------+-------++-------
   Fire: Sling             |   117 |    16 ||   133
    Use: Scroll            |    10 |       ||    10
         Potion            |     1 |       ||     1
 Armour: Robe              |     3 |       ||     3
         Ring mail         |    13 |    12 ||    25
  Dodge: Dodged            |    21 |     2 ||    23

Table legend:
 A = Non-vault XP
 B = Vault XP
 C = Vault XP percentage of total XP
 D = Non-vault monster count
 E = Vault monster count
 F = Vault count percentage of total count
                 A         B        C        D         E       F
            +---------+---------+-------+---------+---------+-------
      Total |      98 |       2 |   2.0 |      41 |       1 |   2.4
            +---------+---------+-------+---------+---------+-------
        D:1 |      52 |       0 |   0.0 |      25 |       0 |   0.0
        D:2 |      33 |       0 |   0.0 |      11 |       0 |   0.0
        D:3 |      13 |       2 |  13.3 |       5 |       1 |  16.7
            +---------+---------+-------+---------+---------+-------
